 Dungeon Crawl Stone Soup version 0.17.1-3-g152610e (webtiles) character file.

140 Aizen the Skirmisher (level 5, -5/42 HPs)
             Began as a Mummy Chaos Knight on Apr 27, 2016.
             Slain by Sigmund
             ... wielding a +1 vampiric scythe
              (14 damage)
             ... on level 3 of the Dungeon.
             The game lasted 00:11:37 (1699 turns).

Aizen the Skirmisher (Mummy Chaos Knight)           Turns: 1699, Time: 00:11:37

Health: -5/42      AC:  7    Str: 15    XL:     5   Next: 2%
Magic:  5/5        EV: 12    Int: 12    God:    Xom [.*....]
Gold:   91         SH:  0    Dex: 12    Spells: 0 memorised, 4 levels left

rFire  x . .     SeeInvis .     a - +1 spear (chaos)
rCold  + . .     Clarity  +     b - +2 leather armour
rNeg   + + +     SustAt   .     (no shield)
rPois  ∞         Gourm    .     i - +0 helmet
rElec  .         Spirit   .     (no cloak)
rCorr  .         Warding  .     (no gloves)
rMut   .         Stasis   .     c - +0 pair of boots
MR     .....                    d - amulet of clarity
Stlth  +.........               (no ring)
                                (no ring)

@: not resistant to hostile enchantments, very unstealthy
A: no food or potions, fire vulnerability, cold resistance 1, negative energy
resistance 3, torment resistance, unbreathing
a: Renounce Religion


You were on level 3 of the Dungeon.
You worshipped Xom.
You were a plaything of Xom.
You were not hungry.

You visited 1 branch of the dungeon, and saw 3 of its levels.

You collected 91 gold pieces.

Inventory:

Hand Weapons
 a - a +1 spear of chaos (weapon)
Armour
 b - a +2 leather armour (worn)
 c - a +0 pair of boots (worn)
 i - a +0 helmet (worn)
Jewellery
 d - an amulet of clarity (around neck)
Scrolls
 e - 3 scrolls of identify
 f - a scroll of fear {unknown}
 h - 2 scrolls of amnesia
 k - a scroll of enchant armour {unknown}
Comestibles
 g - a beef jerky


   Skills:
 + Level 4.0 Fighting
 + Level 3.2 Polearms
 + Level 2.1 Armour
 + Level 2.0 Dodging
 + Level 0.3 Stealth


You had 4 spell levels left.
You didn't know any spells.

Dungeon Overview and Level Annotations

Branches:
Dungeon (3/15)

Altars:

Annotations:
D:3 Sigmund


Innate Abilities, Weirdness & Mutations

You do not eat or drink.
Your flesh is vulnerable to fire.
You are immune to poison.
Your flesh is cold resistant.
You are immune to negative energy.
You are immune to unholy pain and torment.
You can survive without breathing.


Message History

Sigmund is lightly wounded.
Sigmund closely misses you.
You hit Sigmund but do no damage.
Sigmund is lightly wounded.
As you read the scroll labeled YWOUNA SORO, it crumbles to dust.
It is a scroll of recharging.
You aren't carrying any rechargeable items.
Sigmund hits you with a vampiric scythe.
Sigmund misses you.
Sigmund gestures wildly while chanting.
Sigmund flickers and vanishes!
Deactivating autopickup; reactivate with Ctrl-A.
Something hits you but does no damage. Something hits you!
* * * LOW HITPOINT WARNING * * *
You miss something. You miss something. Something hits you but does no damage.
You miss something. Something hits you!
You die...

### #.# #.## #...
#############################.##
.........)..l..@.............<#
##.........################..##
#.........# #.... ####.........#
#..## ...+.........# #....
..##........l#######. ........#
.............'.l..... .###....#
.............##.##... #.....
#####..####### # #.#...


You could see a giant gecko.

Vanquished Creatures
  Robin (D:2)
  6 adders
  An ooze (D:1)
  3 worms (D:2)
  2 giant geckos (D:2)
  2 orcs (D:3)
  8 bats
  2 giant cockroaches (D:3)
  6 hobgoblins
  A quokka (D:3)
  3 giant newts
  17 goblins
  6 kobolds
  6 rats
64 creatures vanquished.

Notes
Turn   | Place    | Note
--------------------------------------------------------------
     0 | D:1      | Aizen the Mummy Chaos Knight began the quest for the Orb.
     0 | D:1      | Reached XP level 1. HP: 18/18 MP: 1/1
   337 | D:1      | Reached XP level 2. HP: 17/24 MP: 2/2
   364 | D:1      | XOM: divination: detect creatures
   402 | D:1      | XOM: divination: magic mapping
   419 | D:1      | Reached skill level 1 in Dodging
   433 | D:1      | XOM: confuse monster(s)
   692 | D:2      | Reached XP level 3. HP: 29/29 MP: 3/3
   700 | D:2      | Noticed Robin
   726 | D:2      | Killed Robin
   918 | D:2      | Reached XP level 4. HP: 24/37 MP: 4/4
  1357 | D:3      | XOM: noise
  1594 | D:3      | Reached skill level 4 in Fighting
  1594 | D:3      | Reached XP level 5. HP: 26/42 MP: 5/5
  1674 | D:3      | Noticed Sigmund
  1699 | D:3      | Slain by Sigmund

Action                   |  1- 3 |  4- 6 || total
-------------------------+-------+-------++-------
Melee: Spear             |   122 |   105 ||   227
  Use: Scroll            |     4 |     1 ||     5
 Stab: Petrified         |     1 |       ||     1
       Petrifying        |       |     2 ||     2
       Confused          |       |     1 ||     1
